 Dungeon Crawl Stone Soup version 0.20.1-1-g8b1a95d (webtiles) character file.

8 Goblin1989 the Firebug (level 2, 15/19 HPs)
             Began as a Demonspawn Fire Elementalist on July 8, 2017.
             Quit the game on level 1 of the Dungeon.
             The game lasted 00:01:11 (136 turns).

Goblin1989 the Firebug (DsFE)                        Turns: 136, Time: 00:01:12

Health: 15/19      AC:  2    Str:  8    XL:     2   Next: 0%
Magic:  1/5        EV: 12    Int: 16    God:
Gold:   0          SH:  0    Dex: 13    Spells: 4/5 levels left

rFire    . . .     SeeInvis .   f - +0 dagger
rCold    . . .     Gourm    .   (no shield)
rNeg     . . .     Faith    .   a - +0 robe
rPois    .         Spirit   .   (helmet restricted)
rElec    .         Reflect  .   (no cloak)
rCorr    .         Harm     .   (no gloves)
MR       .....                  (no boots)
Stlth    ++........             (no amulet)
Regen    0.1/turn               (no ring)
MPRegen  0.1/turn               (no ring)

@: no status effects
A: horns 1
a: no special abilities


You were on level 1 of the Dungeon.
You were not hungry.

You visited 1 branch of the dungeon, and saw 1 of its levels.

Inventory:

Hand Weapons
 f - a +0 dagger (weapon)
Armour
 a - a +0 robe (worn)
Books
 b - a book of Flames

   Spells                             Type                      Level
   a - Flame Tongue                   Conjuration/Fire             1
   b - Throw Flame                    Conjuration/Fire             2
   c - Conjure Flame                  Conjuration/Fire             3
   d - Inner Flame                    Hexes/Fire                   3
   e - Sticky Flame                   Conjuration/Fire             4
   f - Fireball                       Conjuration/Fire             5
Comestibles
 e - a bread ration {@e1}
 g - 2 chunks of flesh


   Skills:
 - Level 1.7 Dodging
 - Level 1.7 Stealth
 + Level 2.1 Spellcasting
 * Level 1.3 Conjurations
 * Level 3.0 Fire Magic


You had 4 spell levels left.
You knew the following spells:

 Your Spells              Type           Power        Failure   Level  Hunger
a - Flame Tongue          Conj/Fire      #....        9%          1    #......


Dungeon Overview and Level Annotations

Branches:
Dungeon (1/15)

Altars:


Innate Abilities, Weirdness & Mutations

You have a pair of small horns on your head.


Message History

There is a large open door here.
You barely miss the bat. The bat closely misses you.
You barely miss the bat. The bat hits you.
You take 1 damage, and have 11/13 hp.
The bat misses you.
You closely miss the bat. The bat closely misses you.
You hit the bat but do no damage. The bat hits you but does no damage.
The bat closely misses you.
There is a staircase leading out of the dungeon here.
You start resting.
Casting: Flame Tongue
Confirm with . or Enter, or press ? or * to list all spells.
Aiming: Flame Tongue
Press: ? - help, Shift-Dir - straight line, f - bat
Aim: a bat The flame tongue hits the bat.
The bat is severely wounded.
The bat hits you.
You now have 0/3 mp.
Casting: Flame Tongue
Confirm with . or Enter, or press ? or * to list all spells.
You don't have enough magic to cast that spell.
The bat closely misses you. The bat barely misses you.
You hit the bat.
You kill the bat!
You see here a bat corpse.
You butcher the bat corpse.
g - a chunk of flesh Magic restored.
HP restored.
There is a large open door here.
You butcher the goblin corpse.
g - 2 chunks of flesh (gained 1)
You see here a goblin skeleton. x2
Health restored: 13; MP restored: 3 A kobold comes into view.
The kobold shouts!
A dart slug comes into view.
Casting: Flame Tongue
Confirm with . or Enter, or press ? or * to list all spells.
Aiming: Flame Tongue
Press: ? - help, Shift-Dir - straight line, f - kobold
Aim: a kobold The flame tongue misses the kobold.
The kobold closely misses you.
You now have 2/3 mp.
Casting: Flame Tongue
Confirm with . or Enter, or press ? or * to list all spells.
Aiming: Flame Tongue
Press: ? - help, Shift-Dir - straight line, f/p - kobold
Aim: a kobold The flame tongue hits the kobold.
The kobold appears unharmed.
The teleport trap disappears.
The hobgoblin disappears!
The kobold hits you but does no damage.
You now have 1/3 mp.
Casting: Flame Tongue
Confirm with . or Enter, or press ? or * to list all spells.
Aiming: Flame Tongue
Press: ? - help, Shift-Dir - straight line, f/p - kobold
Aim: a kobold The flame tongue hits the kobold.
You kill the kobold!
You now have 0/3 mp.
You hit the dart slug.
The dart slug is lightly wounded.
The dart slug bites you but does no damage.
You hit the dart slug.
The dart slug is moderately wounded.
The dart slug bites you.
You take 2 damage, and have 11/13 hp.
You hit the dart slug but do no damage.
The dart slug is moderately wounded.
The dart slug barely misses you.
You hit the dart slug.
The dart slug is severely wounded.
You hit the dart slug.
The dart slug is almost dead.
The dart slug launches a dart at you. The slug dart hits you!
You take 2 damage, and have 9/13 hp.
You hit the dart slug.
You kill the dart slug!
Your Fire Magic skill increases to level 3!
A hobgoblin comes into view. It is wielding a club.
You start resting.
The hobgoblin shouts!
A hobgoblin is nearby!
Casting: Flame Tongue
Confirm with . or Enter, or press ? or * to list all spells.
Aiming: Flame Tongue
Press: ? - help, Shift-Dir - straight line, f - hobgoblin
Aim: a hobgoblin, wielding a club The flame tongue hits the hobgoblin.
You kill the hobgoblin!
You have reached level 2!
Your demonic ancestry asserts itself...
A pair of horns grows on your head!
You regained 5 hp, and now have 15/19 hp.
You now have 1/5 mp.
Are you sure you want to abandon this character and quit the game? (Confirm with "yes".) .......█ ██ █....?█ ...█.....█ ███████

.....?..████.█.█.█
................
█......█.█.█.█.█ .
█..g............
....█(.█████.█.█.█.
.....$...@.).██ .....
....███......█ .....
.............███▲████.....
.. ████.█████............
. █.. █..........█ ██.
█..........█ .
█..........██
████...÷.....█
██....██∆∆██♣.█


There were no monsters in sight!

Vanquished Creatures
  A dart slug (D:1)
  A goblin (D:1)
  A hobgoblin (D:1)
  A kobold (D:1)
  2 bats (D:1)
6 creatures vanquished.

Notes
Turn   | Place    | Note
-------+----------+-------------------------------------------
     0 | D:1      | Goblin1989 the Demonspawn Fire Elementalist began the quest for the Orb.
     0 | D:1      | Reached XP level 1. HP: 13/13 MP: 3/3
   112 | D:1      | Reached skill level 3 in Fire Magic
   135 | D:1      | Gained mutation: You have a pair of small horns on your head. [demonic ancestry]
   135 | D:1      | Reached XP level 2. HP: 15/19 MP: 1/5
   136 | D:1      | Quit the game

Skill      XL: |  1 |
---------------+----+-----
Fire Magic     | 3 |  3.0
Dodging        | |  1.7
Stealth        | |  1.7
Spellcasting   | |  2.1
Conjurations   | |  1.3

Action                   || total
-------------------------++-------
Melee: Dagger            ||    12
 Cast: Flame Tongue      ||     8
Armor: Robe              ||     5
Dodge: Dodged            ||    13

Vault maps used:
D:1:      sevenhm_arrival_forest_fort_small_6, st_stairs_13, minivault_23
